[Event "Early-Titled-Tuesday-Blitz-February-06-2024"]
[Site "Chess.com"]
[Date "2024.02.06"]
[Round "5"]
[White "jefferyx"]
[Black "Gravity_Chess"]
[Result "1-0"]
[WhiteElo "3013"]
[BlackElo "2855"]
[TimeControl "180+1"]
[EndTime "8:55:56 PST"]
[Termination "jefferyx won by resignation"]

1. e4 c5 2. Nf3 e6 3. g3 b6 4. d4 Bb7 5. d5 Nf6 6. Nc3 exd5 7.
exd5 Be7 8. Bg2 d6 9. O-O O-O 10. Bf4 Nh5 11. Be3 Nd7 12. Nd2 Nhf6 13. Bf4 Re8 14. Nc4 Nf8 15. Nb5 Ba6 16. a4 Bxb5 17. axb5 Ng6 18. Be3 Qd7 19. Na3 Ng4 20. Bd2 Bf6 21. c3 Be7 22. Re1 Bf8 23. Bh3 f5 24. Bg2 Rxe1+ 25. Qxe1 Re8 26. Qf1 f4 27. Bh3 Qf5 28.
Nc4 Qh5 29. Rxa7 Kh8 30. Ra1 N4e5 31. Nxe5 Nxe5 32. Bxf4 Nf3+ 33. Kh1 g5 34. g4 Qf7 35. Bg3 Qxd5 36. Bg2 Qf7 37. Qd3 Ne5 38. Qf5 Qxf5 39. gxf5 Bg7 40. Rd1 Nc4 41. b3 Nb2 42. Rxd6 Re1+ 43.
Bf1 Rxf1+ 44. Kg2 Rd1 45. Rxb6 Bxc3 46. Rc6 Nd3 47. b6 g4 48. b7 Ne1+ 49. Kf1 Nf3+ 50. Ke2 Rd2+ 51. Ke3 Bd4+ 52. Kf4 Re2 1-0

[Event "Early-Titled-Tuesday-Blitz-February-06-2024"]
[Site "Chess.com"]
[Date "2024.02.06"]
[Round "5"]
[White "Lady_Nika"]
[Black "Juicy_Fork"]
[Result "0-1"]
[WhiteElo "2580"]
[BlackElo "2447"]
[TimeControl "180+1"]
[EndTime "8:55:56 PST"]
[Termination "Juicy_Fork won by resignation"]

1. d4 Nf6 2. e3 g6 3. c4 Bg7 4.
Nc3 d6 5. Nf3 O-O 6. Bd3 c5 7.
d5 e6 8. dxe6 Bxe6 9. O-O Nc6 10. a3 Re8 11. Qc2 Rc8 12. Rd1 d5 13. cxd5 Nxd5 14. Nxd5 Bxd5 15. Bc4 Be4 16. Qb3 Qe7 17. Bd2 Bxf3 18. gxf3 Ne5 19. Be2 Qg5+ 20. Kh1 Qh5 21. e4 c4 22. Qe3 Nd3 23. Bc3 Bh6 24. Qd4 Ne5 25. Kg2 Bf4 26. h3 Qg5+ 27. Kf1 Qh4 28. Kg2 b6 29. Qd5 Rcd8 30. Qb5 Qg5+ 31. Kh1 Qh4 32.
Kg2 Rc8 33. Rd5 Re6 34. Bxe5 Qg5+ 35. Kh1 Rxe5 36. Rg1 Qh5 37. Kg2 Rc5 38. Rxe5 Rxe5 39. Qxc4 Rg5+ 40. Kf1 Qxh3+ 41. Ke1 Rxg1+ 42. Bf1 Qxf1+ 0-1

[Event "Early-Titled-Tuesday-Blitz-February-06-2024"]
[Site "Chess.com"]
[Date "2024.02.06"]
[Round "5"]
[White "Blitzking642"]
[Black "ashookk"]
[Result "1-0"]
[WhiteElo "2538"]
[BlackElo "2312"]
[TimeControl "180+1"]
[EndTime "8:55:57 PST"]
[Termination "Blitzking642 won by resignation"]

1. d4 Nf6 2. c4 c5 3. d5 b5 4.
cxb5 a6 5. b6 g6 6. Nc3 d6 7. e4 Bg7 8. Nf3 O-O 9. Nd2 Nfd7 10. a4 a5 11. Bb5 Ba6 12. O-O Nxb6 13. Qe2 Bxb5 14. axb5 N8d7 15. f4 Qc7 16. Nf3 c4 17. Be3 Nc5 18. Nd4 Bxd4 19. Bxd4 Nb3 20. Rad1 Nxd4 21. Rxd4 Qc5 22. Qf2 a4 23. e5 a3 24.
bxa3 Rxa3 25. Ne4 Qc7 26. exd6 exd6 27. f5 Nd7 28. Kh1 Qb6 29. f6 Rd3 30. Rxc4 Qxf2 31. Nxf2 Rxd5 32. Rb4 Nxf6 33. b6 Rb8 34. b7 Rc5 35. Nd3 Rc7 36. Rxf6 Rcxb7 37. Rxb7 Rxb7 38. h3 Rb6 39. Kh2 Kg7 40. Rf4 h5 41. Kg3 Rb3 42.
Rd4 g5 43. Rxd6 f5 44. Kf2 h4 45. Ne5 Rb5 46. Nf3 g4 47. Nxh4 gxh3 48. gxh3 Kf7 49. Kg3 Ke7 50. Rh6 Rb3+ 51. Kf4 1-0

[Event "Early-Titled-Tuesday-Blitz-February-06-2024"]
[Site "Chess.com"]
[Date "2024.02.06"]
[Round "5"]
[White "Omranalhosani21"]
[Black "CFN_Good_Evening"]
[Result "1-0"]
[WhiteElo "2513"]
[BlackElo "2001"]
[TimeControl "180+1"]
[EndTime "8:55:57 PST"]
[Termination "Omranalhosani21 won on time"]

1. e4 c5 2. Nf3 e6 3. d4 cxd4 4. Nxd4 Nc6 5. c4 Nf6 6. Nc3 d6 7. Be2 Be7 8. O-O O-O 9. b3 a6 10. Be3 Qc7 11. Rc1 Bd7 12. f3 Rac8 13. Qd2 Qb8 14.
Rfd1 Rfd8 15. Qe1 Be8 16. Qf2 Nxd4 17. Bxd4 b5 18. cxb5 axb5 19. Bb6 Rd7 20. Bxb5 Rb7 21. Bxe8 Rxb6 22. Ba4 d5 23. Kh1 Ba3 24. Nxd5 Rxc1 25. Rxc1 exd5 26. Re1 dxe4 27. fxe4 Bf8 28. e5 Ng4 29.
Qf4 Rg6 30. h3 Nh6 31. Qe4 Re6 32. Bd7 Re7 33. e6 fxe6 34. Bxe6+ Kh8 35. Qd5 Qb6 36.
Rf1 Qb8 37. Bd7 Qd8 38. Qb7 1-0

[Event "Early-Titled-Tuesday-Blitz-February-06-2024"]
[Site "Chess.com"]
[Date "2024.02.06"]
[Round "5"]
[White "javirec"]
[Black "ImportedItalianMaple"]
[Result "0-1"]
[WhiteElo "2282"]
[BlackElo "2479"]
[TimeControl "180+1"]
[EndTime "8:55:57 PST"]
[Termination "ImportedItalianMaple won on time"]

1. e4 g6 2. Nc3 Bg7 3. f4 c6 4. Bc4 b5 5. Bb3 b4 6. Nce2 d5 7. e5 h5 8. Nf3 h4 9. d4 h3 10. g3 Bg4 11. O-O Nh6 12. c3 a5 13.
a3 bxa3 14. bxa3 Nf5 15. a4 O-O 16. Qd2 Qb6 17. Rb1 e6 18. Ba3 Rd8 19. Bxd5 Qc7 20. Be4 Na6 21. Rb2 Rab8 22. Rfb1 Rxb2 23. Qxb2 c5 24.
Qb6 Qxb6 25. Rxb6 cxd4 26. Nexd4 Nc7 27. Rb7 Nd5 28. Bxd5 Rxd5 29. Nxf5 Rd1+ 30. Kf2 gxf5 31. Rb8+ Kh7 32. Ng5+ Kg6 33. Bf8 Rd2+ 34. Ke3 Rxh2 35. Bxg7 Kxg7 36. Rb7 Bh5 37. Nxe6+ Kg6 38. Nf8+ Kg7 39.
Ne6+ Kh6 40. Nd8 Rh1 41. Rb6+ Kg7 42. e6 Re1+ 43. Kf2 h2 44. Kxe1 h1=Q+ 45. Kd2 Qd5+ 46. Ke3 Qxd8 47. exf7 Qxb6+ 0-1

[Event "Early-Titled-Tuesday-Blitz-February-06-2024"]
[Site "Chess.com"]
[Date "2024.02.06"]
[Round "5"]
[White "Matols"]
[Black "Keeper0416"]
[Result "0-1"]
[WhiteElo "2406"]
[BlackElo "2570"]
[TimeControl "180+1"]
[EndTime "8:55:58 PST"]
[Termination "Keeper0416 won on time"]

1. d4 Nf6 2. c4 a6 3. g3 c6 4. Bg2 b5 5. Nd2 d5 6. b3 g6 7. Ngf3 Bg7 8. O-O O-O 9. Bb2 Bf5 10. Nh4 Be6 11. Rc1 Qb6 12. c5 Qc7 13. f4 Bf5 14. Nxf5 gxf5 15. Nf3 e6 16. Ne5 Ne4 17. e3 f6 18. Nd3 a5 19. a3 Nd7 20. Qh5 Kh8 21. Rc2 Rg8 22. Kh1 a4 23. b4 Nf8 24. Bc1 Ng6 25. Bd2 Bf8 26. Be1 Ne7 27. Bf3 Rg6 28. Bg2 Bg7 29. Qd1 Rg8 30. Bf3 Rh6 31. Rg2 Bf8 32. Rfg1 Ng6 33. Rf1 Qf7 34. Rfg1 Be7 35. Rf1 Nf8 36. Rfg1 Qg7 37. Rf1 Rg6 38. Rfg1 Nd7 39.
Rf1 Rf8 40. Rfg1 Rg8 41. Rf1 Bd8 42. Rfg1 Bc7 43. Rf1 e5 44. Rfg1 exd4 45. exd4 Nf8 46. Rf1 Ne6 47. Nf2 Nxf4 48. gxf4 Rxg2 0-1

[Event "Early-Titled-Tuesday-Blitz-February-06-2024"]
[Site "Chess.com"]
[Date "2024.02.06"]
[Round "5"]
[White "agvania123"]
[Black "ChessLebaneseSalah"]
[Result "1-0"]
[WhiteElo "2307"]
[BlackElo "2444"]
[TimeControl "180+1"]
[EndTime "8:55:58 PST"]
[Termination "agvania123 won on time"]

1. c4 c6 2. d4 d5 3. Nc3 Nf6 4. Bg5 e6 5. cxd5 exd5 6. e3 Be7 7. Bd3 Bg4 8. Qc2 Bh5 9. Nge2 Bg6 10. O-O Nbd7 11. f3 c5 12. dxc5 Nxc5 13. Bxg6 hxg6 14. Nd4 a6 15. Rad1 Qc7 16. Bf4 Bd6 17. Ncb5 axb5 18.
Nxb5 Qc6 19. Nxd6+ Ke7 20. Nxb7 Qxb7 21. Qxc5+ Ke8 22.
Be5 Rc8 23. Qd4 Rc4 24. Qd3 Rc5 25. Bxf6 gxf6 26. Rc1 Rxc1 27. Rxc1 Kf8 28. Qd4 Kg7 29. b4 Ra8 30. Rc2 Qb5 31. Rd2 Rc8 32. a3 Rc1+ 33. Rd1 Rc2 34. Qd3 Rc4 35. h3 Qa6 36.
Qxd5 Rc2 37. Qd3 Qc8 38. Rd2 Rc1+ 39. Kh2 Qc7+ 40. f4 Qb7 41. b5 Qb8 42. a4 Qb7 43.
a5 Qa7 44. b6 Qb7 45. Qd5 Qb8 46.
b7 Ra1 47. Qb5 Rc1 48. a6 1-0

[Event "Early-Titled-Tuesday-Blitz-February-06-2024"]
[Site "Chess.com"]
[Date "2024.02.06"]
[Round "5"]
[White "manitodeplomo"]
[Black "Nuvas"]
[Result "1-0"]
[WhiteElo "2599"]
[BlackElo "2784"]
[TimeControl "180+1"]
[EndTime "8:55:59 PST"]
[Termination "manitodeplomo won by resignation"]

1. d4 Nf6 2. c4 e6 3. Nf3 d5 4.
Nc3 c6 5. Bg5 dxc4 6. e4 b5 7. a4 Bb4 8. e5 h6 9. exf6 hxg5 10.
fxg7 Rg8 11. g3 Bb7 12. Bg2 c5 13. O-O Bxc3 14. bxc3 b4 15. dxc5 Qxd1 16. Rfxd1 bxc3 17. Nxg5 Bxg2 18. Kxg2 Na6 19. Ne4 Rxg7 20. Rac1 f5 21. Nd6+ Ke7 22. Rxc3 Nxc5 23. Rxc4 Nd7 24. Rc7 Kf6 25.
Nxf5 exf5 26. Rdxd7 Rxd7 27. Rxd7 Ke6 28. Rb7 Kd6 29.
a5 a6 30. Rb6+ Kc5 31. Kf3 Kd5 32. h4 Ke5 33. h5 Rh8 34. h6 Ra8 35. Ke3 f4+ 36. Kf3 Kf5 37. g4+ Kg5 38. h7 Rh8 39. Rb7 Rc8 40. Kg2 Rh8 41. Ra7 Kxg4 42. Rg7+ Kf5 43.
Kf3 Kf6 44. Ra7 Kg5 45. Ke4 Re8+ 46. Kd5 Rh8 47. f3 Kh4 48. Ke4 Rf8 49. Rg7 Rh8 50. Kxf4 Kh5 51. Kf5 Kh6 52. Rf7 Rf8 53. Rxf8 1-0

[Event "Early-Titled-Tuesday-Blitz-February-06-2024"]
[Site "Chess.com"]
[Date "2024.02.06"]
[Round "5"]
[White "Asteroxylon"]
[Black "OneTrickPony_82"]
[Result "0-1"]
[WhiteElo "2363"]
[BlackElo "2552"]
[TimeControl "180+1"]
[EndTime "8:55:59 PST"]
[Termination "OneTrickPony_82 won by resignation"]

1. e4 e5 2. Nf3 Nc6 3. Bc4 Nf6 4. d3 Bc5 5. c3 d6 6. Nbd2 a5 7. a4 O-O 8. O-O h6 9. h3 Be6 10. Re1 Re8 11. Qb3 Qb8 12. Nf1 Qa7 13. Be3 Rab8 14. Rad1 Bxe3 15. Nxe3 Nd7 16. Qa2 Bxc4 17. Nxc4 Nf6 18.
Nh4 Ne7 19. Ne3 c6 20. Nhf5 Nxf5 21. Nxf5 Rbd8 22. Re3 d5 23. exd5 cxd5 24. Rde1 e4 25. Rg3 exd3 26. Rxg7+ Kh8 27. Rf1 Re5 28. Rxf7 Rxf5 29. Qa3 Re8 30. Rf8+ Kh7 31. Rxe8 Nxe8 32. Qe7+ Ng7 33. g4 Rf3 34. Kg2 Rf4 35. Kg3 Qb8 36.
Kg2 Re4 37. Qf7 Qf4 38. Qxf4 Rxf4 39. Rd1 Rxa4 40. Rxd3 Ra2 41. Rxd5 Rxb2 42. Rxa5 Rb3 43. c4 Ne6 44. Re5 Nf4+ 45. Kh2 Rxh3+ 46. Kg1 Rc3 47. Rf5 Rxc4 48. Rf7+ Kg6 49. Rxb7 Kg5 50. f3 Kh4 51. Rh7 Kg3 0-1

[Event "Early-Titled-Tuesday-Blitz-February-06-2024"]
[Site "Chess.com"]
[Date "2024.02.06"]
[Round "5"]
[White "kekic76"]
[Black "Cambek64"]
[Result "0-1"]
[WhiteElo "2364"]
[BlackElo "2515"]
[TimeControl "180+1"]
[EndTime "8:56:00 PST"]
[Termination "Cambek64 won on time"]

1. e4 e6 2. d4 d5 3. exd5 exd5 4. Bd3 Bd6 5. Ne2 Ne7 6. Bf4 O-O 7. O-O c6 8. c3 Bf5 9. Qc2 Bxd3 10. Qxd3 Bxf4 11. Nxf4 Nd7 12. Nd2 Ng6 13. Nxg6 hxg6 14. Rfe1 Re8 15. Re3 Rxe3 16. Qxe3 Qe8 17. Re1 Qxe3 18.
Rxe3 Kf8 19. Nb3 b6 20. Nc1 a5 21. Nd3 f6 22. f4 Kf7 23. Kf2 c5 24. Ke2 c4 25.
Ne1 b5 26. Nc2 Rb8 27. a3 Nb6 28. Kd2 Na4 29. Kc1 Rb6 30. g3 Re6 31. Rxe6 Kxe6 32. Ne3 f5 33. Nf1 Nb6 34. Nd2 Nd7 35. Nf3 Kf6 36. Ne5 Nb8 37. Kd2 g5 38. Ke3 g4 39.
Kd2 Ke6 40. Kc2 a4 41. Kd2 Kd6 42. Ke3 Nd7 43. Nxd7 Kxd7 44. Ke2 Ke6 0-1

[Event "Early-Titled-Tuesday-Blitz-February-06-2024"]
[Site "Chess.com"]
[Date "2024.02.06"]
[Round "5"]
[White "Zhigalko_Sergei"]
[Black "MatthewG-p4p"]
[Result "1-0"]
[WhiteElo "2949"]
[BlackElo "2810"]
[TimeControl "180+1"]
[EndTime "8:56:01 PST"]
[Termination "Zhigalko_Sergei won by resignation"]

1. e4 e6 2. d4 d5 3. e5 c5 4. c3 Qb6 5. Nf3 Nc6 6. Bd3 cxd4 7. O-O Bd7 8. Re1 Rc8 9. h4 Nh6 10. a3 a6 11. c4 dxc4 12. Bxc4 Ng4 13. Bd3 h5 14. Nbd2 Na7 15. Nc4 Qc5 16. Bf4 Bb5 17. b4 Qc7 18. Rc1 Bxc4 19. Rxc4 Nc6 20. Nxd4 Qd7 21. Nxc6 Rxc6 22. Rxc6 Qxc6 23. Be4 Qc8 24. Qf3 Be7 25. Bxb7 Qc7 26. Qc6+ Qxc6 27. Bxc6+ Kd8 28. Rd1+ Kc8 29. f3 Nh6 30. Be4 Bxh4 31. Rc1+ Kb8 32.
Rc6 Rd8 33. Rb6+ Kc7 34. Rc6+ Kb8 35. Rxa6 Rd1+ 36. Kh2 Bf2 37. g3 Re1 38. Kg2 Bd4 39. Rd6 Bb2 40. a4 Bc3 41. b5 Re2+ 42. Kf1 Ra2 43. Ra6 Bd4 44. b6 Kc8 45. Ra8+ Kd7 46.
b7 1-0

[Event "Early-Titled-Tuesday-Blitz-February-06-2024"]
[Site "Chess.com"]
[Date "2024.02.06"]
[Round "5"]
[White "ATM622"]
[Black "ScofieldMichael01"]
[Result "0-1"]
[WhiteElo "2449"]
[BlackElo "2622"]
[TimeControl "180+1"]
[EndTime "8:56:01 PST"]
[Termination "ScofieldMichael01 won by resignation"]

1. d4 Nf6 2. c4 c5 3. d5 b5 4. cxb5 a6 5. e3 Bb7 6. Nc3 e6 7. e4 exd5 8. exd5 Bd6 9. Nf3 O-O 10. Be2 axb5 11. Nxb5 Qb6 12. O-O Bxd5 13. Nxd6 Qxd6 14. Bc4 Nc6 15. Bg5 Qe6 16. Re1 Bxf3 17. Rxe6 Bxd1 18. Rd6 Bg4 19. Bxf6 gxf6 20. Rxf6 Be6 21. Bd3 Kg7 22. Rf3 f6 23. a3 Ne5 24. Rg3+ Kh8 25. Bc2 Rab8 26.
b3 d5 27. f4 Nc6 28. Re1 Nd4 29. Bb1 Bf5 30. Ba2 Rfe8 31. Rge3 Rxe3 32. Rxe3 Nc2 33. Re7 d4 34. Kf2 d3 35. Bb1 Nxa3 36. Bxd3 Bxd3 37.
Rc7 c4 38. bxc4 Nxc4 39. g4 Kg8 40. g5 fxg5 41. fxg5 Ne5 42. Kg3 Bg6 43. h4 Rb4 44.
Re7 Rg4+ 45. Kh3 Re4 46. Rb7 Re3+ 47. Kg2 Be4+ 48. Kf2 Ng4+ 49. Kg1 Re2 0-1

[Event "Early-Titled-Tuesday-Blitz-February-06-2024"]
[Site "Chess.com"]
[Date "2024.02.06"]
[Round "5"]
[White "Ind1anStar"]
[Black "Jojo_898"]
[Result "0-1"]
[WhiteElo "2595"]
[BlackElo "2459"]
[TimeControl "180+1"]
[EndTime "8:56:01 PST"]
[Termination "Jojo_898 won on time"]

1. e4 d6 2. d4 Nf6 3. Nc3 g6 4. Be3 c6 5. h3 Bg7 6. g4 b5 7. Bg2 b4 8. Nce2 O-O 9. Ng3 e5 10. N1e2 a5 11. g5 Nfd7 12. O-O c5 13. c3 Nc6 14. d5 Ne7 15. f4 exf4 16. Bxf4 Ne5 17. Rc1 Ba6 18. Qd2 Nd3 19. Rcd1 Nxf4 20. Rxf4 Be5 21. Rf2 Nc8 22. h4 Nb6 23. Nf1 Nc4 24. Qc1 Bg7 25. Ne3 Ne5 26. Nf4 h6 27. Kh1 hxg5 28.
hxg5 Qxg5 29. Rg1 Qh4+ 30. Nh3 Nd3 31. Qf1 Nxf2+ 32. Qxf2 Qxf2 33. Nxf2 bxc3 34. bxc3 Bxc3 35. Nfg4 Kg7 36. Bf3 Bd4 37. Rg3 Rab8 38. Bd1 Rb1 39. Kg2 Bd3 40. Nf2 c4 41. Nf5+ Kf6 42. Ng4+ Kg5 43.
Ngh6+ Kf4 44. Rg4+ Ke5 45. Ne7 Bxe4+ 46. Rxe4+ Kxe4 47. Bf3+ Kd3 48. Nc6 c3 49. Ng4 c2 0-1

[Event "Early-Titled-Tuesday-Blitz-February-06-2024"]
[Site "Chess.com"]
[Date "2024.02.06"]
[Round "5"]
[White "Keures"]
[Black "Sadykov_Ramil"]
[Result "0-1"]
[WhiteElo "2433"]
[BlackElo "2606"]
[TimeControl "180+1"]
[EndTime "8:56:01 PST"]
[Termination "Sadykov_Ramil won by resignation"]

1. d4 d6 2. c4 e5 3. dxe5 dxe5 4.
Qxd8+ Kxd8 5. g3 Be6 6. b3 c6 7. Bh3 Kd7 8. Bxe6+ Kxe6 9. f4 Nd7 10. Nf3 f6 11.
Ba3 Bxa3 12. Nxa3 Ne7 13. e4 exf4 14. gxf4 Nc5 15. O-O-O Rad8 16. Nd4+ Kf7 17. e5 Ng6 18. Nf5 Nxf4 19. exf6 Kxf6 20. Ng3 g5 21. Nc2 Ncd3+ 22. Kb1 Nf2 23. Rxd8 Rxd8 24. Rf1 Ng4 25. h3 Ne5 26. Ne3 Rd3 27. Ne4+ Kg6 28. Ng4 Nxg4 29. hxg4 Re3 30. Nd6 Rg3 31. Nxb7 Rxg4 32. Nd8 c5 33. Nb7 Ne6 34.
Re1 Kf6 35. Nd6 h5 36. Ne8+ Kf7 37. Nd6+ Ke7 38. Nf5+ Kf6 39. Nd6 h4 40. Ne4+ Kg7 41. Nd6 Nd4 42. Nb5 h3 43. Nxd4 Rxd4 44. Rh1 g4 45. Kc2 a5 46. Kc3 Kf6 47. a3 Rf4 48. b4 axb4+ 49. axb4 Rf3+ 50. Kd2 cxb4 51. c5 Rc3 52. Rg1 Kg5 53. Re1 Rxc5 0-1

[Event "Early-Titled-Tuesday-Blitz-February-06-2024"]
[Site "Chess.com"]
[Date "2024.02.06"]
[Round "5"]
[White "SpongeBob_03"]
[Black "soloderisas"]
[Result "0-1"]
[WhiteElo "2211"]
[BlackElo "2519"]
[TimeControl "180+1"]
[EndTime "8:56:01 PST"]
[Termination "soloderisas won on time"]

1. e4 e5 2. Nf3 Nc6 3. Bc4 Nf6 4. d3 Bc5 5. c3 d6 6. Nbd2 a6 7. Bb3 h6 8. h3 Qe7 9. Nf1 Ba7 10. Ng3 g6 11. Bc2 Bd7 12. d4 O-O-O 13. d5 Nb8 14. Qe2 Nh5 15. Nxh5 gxh5 16. Be3 Bxe3 17. Qxe3 Rdg8 18.
g3 f5 19. O-O-O Rf8 20. Nh4 f4 21. Qd2 Rhg8 22. Rdg1 Qg5 23. Nf3 Qf6 24. gxf4 Rxg1+ 25. Rxg1 Bxh3 26. f5 Bg4 27. Nh2 Nd7 28. f3 Bh3 29.
Qf2 h4 30. Rg6 Qe7 31. Qg1 b6 32. Bd3 Nc5 33. Be2 Kb7 34. b4 Nd7 35. Rg7 Rf7 36. Rxf7 Qxf7 37. Bd3 Qf6 38. Be2 Qg5+ 39. Qxg5 hxg5 40.
Kd1 b5 41. Ke1 c5 42. Kf2 Kb6 43. Kg1 a5 44. a3 Nf6 45. Bd3 Nh5 0-1

[Event "Early-Titled-Tuesday-Blitz-February-06-2024"]
[Site "Chess.com"]
[Date "2024.02.06"]
[Round "5"]
[White "BashirliSaadat"]
[Black "lluiss"]
[Result "1/2-1/2"]
[WhiteElo "2333"]
[BlackElo "2141"]
[TimeControl "180+1"]
[EndTime "8:56:01 PST"]
[Termination "Game drawn by repetition"]

1. d4 d5 2. e3 c6 3. f4 e6 4. Nf3 f5 5. Bd3 Nf6 6. Ne5 Be7 7. O-O O-O 8. c3 Bd7 9. Nd2 Be8 10. Ndf3 Bh5 11. Qe1 Bxf3 12. Rxf3 Nbd7 13. Bd2 Nxe5 14. fxe5 Ne4 15. Rf1 Bh4 16. Qe2 Qg5 17. Bxe4 fxe4 18. Rxf8+ Rxf8 19. Rf1 Rxf1+ 20. Qxf1 Qh5 21. g3 Bg5 22. Kg2 Qg6 23. Qf2 h5 24. h3 Be7 25.
Kh2 Qh6 26. b3 g5 27. c4 g4 28.
h4 Qf8 29. Qxf8+ Bxf8 30. Ba5 Kf7 31. Kg2 Ba3 32. Kf2 b6 33. Bc3 Bc1 34. Ke2 Ba3 35. Kd2 Ke8 36. Kc2 Kd7 37. Bd2 Be7 38. Be1 Kc7 39.
Kb2 Kb7 40. a3 Ka6 41. a4 Kb7 42. Kc3 a5 43. Kc2 Ka6 44. Kb2 Bf8 45. Kc2 Bh6 46. Bf2 Kb7 47. Kc3 Bf8 48. Kc2 Bb4 49. Kd1 Kc7 50.
Kc2 Kd7 51. Kd1 c5 52. Kc2 cxd4 53. exd4 Kc6 54. Be3 Be7 55. Bf4 Bb4 56. Bd2 Be7 57.
Bf4 Bb4 58. Bd2 Be7 59. Bf4 1/2-1/2

[Event "Early-Titled-Tuesday-Blitz-February-06-2024"]
[Site "Chess.com"]
[Date "2024.02.06"]
[Round "5"]
[White "Alexander_Donchenko"]
[Black "banhgiahuy2606"]
[Result "0-1"]
[WhiteElo "2910"]
[BlackElo "2692"]
[TimeControl "180+1"]
[EndTime "8:56:03 PST"]
[Termination "banhgiahuy2606 won by resignation"]

1. c4 Nf6 2. Nc3 d6 3. d4 g6 4.
e4 Bg7 5. Nf3 O-O 6. Be2 Nbd7 7.
O-O e5 8. Be3 Qe7 9. Qc2 c6 10.
d5 c5 11. Rae1 Kh8 12. h3 Nh5 13. Bg5 f6 14. Bd2 Nf4 15. Kh2 Nxe2 16. Rxe2 f5 17. exf5 gxf5 18. Ng5 Nf6 19. Qc1 Bd7 20. Rd1 Rae8 21.
b3 Rg8 22. f3 Bh6 23. Ne6 Bxd2 24. Qxd2 Nh5 25. Rg1 Qh4 26. Qe1 Rg3 27. Rd2 Reg8 28. Kh1 Bxe6 29. dxe6 Nf4 30. Qf1 Nxh3 31. gxh3 Rxg1+ 32. Qxg1 Qxh3+ 33. Rh2 Qxf3+ 34. Rg2 Qh5+ 35. Rh2 Rxg1+ 36.
Kxg1 Qg5+ 37. Rg2 Qe7 38. Nd5 Qxe6 39. Rg5 h6 40. Rg2 f4 41. Kf2 h5 42. Rg5 Kh7 43.
Rxh5+ Kg6 44. Rh1 Kg7 45. Rg1+ Kf7 46. Rh1 Qf5 47. Rh6 Qc2+ 48. Kf3 e4+ 49. Kg4 f3 50.
Rg6 Kxg6 0-1

[Event "Early-Titled-Tuesday-Blitz-February-06-2024"]
[Site "Chess.com"]
[Date "2024.02.06"]
[Round "5"]
[White "Akylbek2021"]
[Black "JoliyRoger"]
[Result "1-0"]
[WhiteElo "2308"]
[BlackElo "2515"]
[TimeControl "180+1"]
[EndTime "8:56:03 PST"]
[Termination "Akylbek2021 won on time"]

1. Nf3 Nf6 2. d4 e6 3. c4 c5 4.
d5 exd5 5. cxd5 d6 6. Nc3 g6 7. Bf4 a6 8. a4 Bg7 9. e3 O-O 10.
h3 Ne8 11. Nd2 Nd7 12. Nc4 Ne5 13. Nxe5 dxe5 14. Bg3 f5 15. Be2 Nd6 16. O-O Bd7 17. f3 Rc8 18. a5 Qg5 19. Bf2 e4 20. fxe4 fxe4 21. Bg4 Bf5 22. Kh1 Be5 23. Bg1 Rc7 24. Na4 c4 25. Nc3 Rcf7 26. Bxf5 gxf5 27. Qe2 Rg7 28.
Bh2 Bxh2 29. Kxh2 Qf6 30. Rf4 Qe5 31. Rf1 Rf6 32. Kh1 Rfg6 33. R1f2 Rg3 34. Nd1 h6 35. Nc3 Kh7 36. Kh2 R3g5 37. Kh1 Rc7 38. Kh2 Rc5 39. Kh1 Rxa5 40. Kh2 Rc5 41. Qd1 b5 42. Ne2 Rc7 43. Nd4 Rf7 44. Qa1 1-0

[Event "Early-Titled-Tuesday-Blitz-February-06-2024"]
[Site "Chess.com"]
[Date "2024.02.06"]
[Round "5"]
[White "Qingdom"]
[Black "AlexandraSamaganova"]
[Result "1-0"]
[WhiteElo "2138"]
[BlackElo "2364"]
[TimeControl "180+1"]
[EndTime "8:56:03 PST"]
[Termination "Qingdom won on time"]

1. d4 Nf6 2. Bg5 e6 3. e4 Be7 4.
e5 Nd5 5. Bd2 c5 6. c4 Nc7 7. dxc5 Bxc5 8. Nf3 O-O 9. Bd3 Be7 10. O-O Nc6 11. Nc3 f5 12. exf6 Bxf6 13. Qe2 d5 14. cxd5 exd5 15. Rad1 Re8 16. Be3 d4 17.
Bb1 Bg4 18. h3 Bh5 19. g4 Bf7 20. Qc2 Bg6 21. Qb3+ Bf7 22. Qxb7 Na5 23. Qb4 Na6 24. Qb5 Bc4 25. Qh5 d3 26. Nd2 Bf7 27. Qb5 Nb8 28.
Qxd3 Qxd3 29. Bxd3 Nbc6 30. Be4 Rac8 31. f4 Nb4 32.
Bxa7 Nac6 33. Bxc6 Nxc6 34. Bf2 Rb8 35. Nde4 Nb4 36.
Nxf6+ gxf6 37. Rfe1 Nxa2 38. Rxe8+ Rxe8 39. Nxa2 Bxa2 40. Bd4 Kf7 41. Kf2 Bb3 42. Re1 Rd8 43. Bc3 Be6 44. f5 Bd5 45. Rd1 Rd7 46. Rd4 Ke7 47. Rb4 Kd6 48. Rb6+ Kc5 49. Rxf6 Re7 50. h4 Bc4 51. g5 Re2+ 52. Kf3 1-0

[Event "Early-Titled-Tuesday-Blitz-February-06-2024"]
[Site "Chess.com"]
[Date "2024.02.06"]
[Round "5"]
[White "Willhaven3"]
[Black "Mistango"]
[Result "0-1"]
[WhiteElo "2615"]
[BlackElo "2470"]
[TimeControl "180+1"]
[EndTime "8:56:04 PST"]
[Termination "Mistango won by resignation"]

1. d4 d6 2. Nf3 g6 3. c4 Bg7 4. Nc3 e5 5. Bg5 f6 6. Bh4 Ne7 7. e4 Bg4 8. Be2 Nbc6 9. dxe5 dxe5 10. Nd5 O-O 11. O-O Bxf3 12. Bxf3 Nd4 13. Bg4 h5 14. Be2 g5 15. Bxg5 fxg5 16. Bxh5 Nxd5 17. cxd5 c6 18. dxc6 bxc6 19. Rc1 Qf6 20. Be2 Kh7 21. Bc4 Bh6 22. Rc3 Rad8 23. Qa4 Rd7 24. Ra3 g4 25. Rg3 Qh4 26.
h3 Rg7 27. hxg4 Rxg4 28. Qxa7+ Bg7 29. Rxg4 Qxg4 30. f3 Nxf3+ 31. Kf2 Nd4+ 32. Kg1 Rxf1+ 33. Bxf1 Qxe4 34. Qf7 Qe3+ 35. Kh1 Kh6 36. b4 e4 37. Qe7 Qf4 38. Kg1 e3 39. Bd3 Qf2+ 40. Kh2 Qf6 41.
Qd7 Qh4+ 42. Kg1 e2 43. Qd6+ Qf6 44. Qh2+ Kg5 45. Qg3+ Kh5 46. Qh2+ Kg4 47. Qh3+ Kf4 48. Qh2+ Ke3 49. Qg3+ Kd2 50. Bxe2 Nxe2+ 0-1

[Event "Early-Titled-Tuesday-Blitz-February-06-2024"]
[Site "Chess.com"]
[Date "2024.02.06"]
[Round "5"]
[White "Russian_berezka"]
[Black "mbchess97"]
[Result "0-1"]
[WhiteElo "2566"]
[BlackElo "2443"]
[TimeControl "180+1"]
[EndTime "8:56:04 PST"]
[Termination "mbchess97 won on time"]

1. d4 Nf6 2. c4 e6 3. Nc3 d5 4. Nf3 Bb4 5. Qa4+ Nc6 6. a3 Bxc3+ 7. bxc3 Ne4 8. Bf4 Nxc3 9. Qc2 Ne4 10. e3 O-O 11. Bd3 f5 12. h4 Ne7 13. h5 c6 14. Ne5 Qa5+ 15. Kf1 Nd2+ 16. Ke2 Nxc4 17. Nxc4 dxc4 18. Bxc4 Nd5 19. Be5 Qc3 20. Rhc1 Qxc2+ 21. Rxc2 Bd7 22. a4 b6 23. g3 a6 24. a5 b5 25. Bb3 Kf7 26. f3 Rg8 27. Rf1 Ke7 28.
e4 fxe4 29. fxe4 Nf6 30. h6 Raf8 31. Kd3 gxh6 32. Rcf2 Ne8 33. Bf4 Nf6 34. Be5 Ne8 35. Ke3 Rxf2 36. Rxf2 Rf8 37. Rh2 Nf6 38. Rh4 Rg8 39.
Bd1 Rg6 40. Bf4 h5 41. Bxh5 Nxh5 42. Rxh5 Rg7 43. Be5 Rf7 44. Bf4 Be8 0-1

[Event "Early-Titled-Tuesday-Blitz-February-06-2024"]
[Site "Chess.com"]
[Date "2024.02.06"]
[Round "5"]
[White "carokannlover213"]
[Black "RobertJFischer71"]
[Result "0-1"]
[WhiteElo "2760"]
[BlackElo "2571"]
[TimeControl "180+1"]
[EndTime "8:56:05 PST"]
[Termination "RobertJFischer71 won on time"]

1. e4 e5 2. Nf3 Nc6 3. Bc4 Bc5 4. d3 Nf6 5. Nc3 d6 6. Bg5 h6 7. Bxf6 Qxf6 8. Nd5 Qd8 9. c3 Bb6 10. d4 O-O 11.
dxe5 Nxe5 12. Nxb6 axb6 13. Be2 Nxf3+ 14. Bxf3 Re8 15.
O-O Qf6 16. Qd2 Ra5 17. Qd4 Qf4 18. Rfe1 Rg5 19. Qe3 Qxe3 20. Rxe3 Rge5 21. Rae1 Bd7 22. b3 Bc6 23. g3 f5 24. Bh5 Rf8 25. f3 fxe4 26. Bg4 exf3 27. Kf2 Rfe8 28. Rxe5 Rxe5 29.
Rxe5 dxe5 30. Bxf3 Bxf3 31. Kxf3 Kf7 32. Ke4 Ke6 33. h3 c6 34. a4 g6 35. b4 b5 36.
a5 Kd6 37. h4 h5 38. Ke3 Kd5 39. Kd3 Kd6 40. Ke4 Ke6 41. Ke3 Kf5 42. Kf3 e4+ 43.
Ke3 Ke5 44. Ke2 Ke6 45. Kd2 Kd5 46. Ke3 Kc4 47. Kxe4 Kxc3 48. Ke5 Kxb4 49. Kf6 c5 50. Kxg6 c4 51. g4 c3 52. gxh5 c2 53. h6 c1=Q 54.
h7 Qc3 55. h5 Qh8 56. h6 Kxa5 57. Kg5 Qxh7 58. Kh5 b4 59. Kg5 b3 60. Kg4 Qxh6 0-1